| TOP OF THE 1ST |
|
Lakewood BlueClaws batting - Pitching for Hartford Yard Goats : LHP John Mandarino
|
|
Pitching: LHP John Mandarino
|
|
|
Batting: RHB Joe Hewitt
|
0-0: Foul Ball, location: 2F 0-1: Ball 1-1: Ball 2-1: Foul Ball, location: 2F 2-2: Ball 3-2: Foul Ball, location: 2F 3-2: Foul Ball, location: 2F 3-2: Fly out, F8 (Flyball, 8RM, EV 84.4 MPH)
|
|
Batting: RHB Mark Schultz
|
0-0: Called Strike 0-1: Ball 1-1: Ball 2-1: Swinging Strike 2-2: Strikes out swinging
|
|
Batting: RHB Victor Arroyo
|
0-0: Foul Ball, location: 2F 0-1: Swinging Strike 0-2: Ball 1-2: Strikes out swinging
|
| Top of the 1st over - 0 runs, 0 hits, 0 errors, 0 left on base; Lakewood 0 - Hartford 0 |
| BOTTOM OF THE 1ST |
|
Hartford Yard Goats batting - Pitching for Lakewood BlueClaws : RHP Joe Morse
|
|
Pitching: RHP Joe Morse
|
|
|
Batting: RHB Elias Urbina
|
0-0: Ball 1-0: Ball 2-0: Ball 3-0: Base on Balls
|
|
Batting: LHB Roy Riess
|
Pickoff Play to 1st, Runner tries for 2nd, OUT after rundown. 0-0: Ball 1-0: SINGLE (Groundball, 4D, EV 105.6 MPH)
|
|
Batting: LHB Chris Salim
|
0-0: Called Strike 0-1: Ball 1-1: Ball Roy Riess steals 2nd base 2-1: Ball 3-1: Ground out 6-3 (Groundball, 6, EV 106.9 MPH)
|
|
Batting: RHB Henry Alvizo
|
0-0: Ball Wild Pitch! Roy Riess to third 1-0: Ball 2-0: Called Strike 2-1: Fly out, F3 (Popup, 3, EV 75.6 MPH)
|
| Bottom of the 1st over - 0 runs, 1 hit, 0 errors, 1 left on base; Lakewood 0 - Hartford 0 |
| TOP OF THE 2ND |
|
Lakewood BlueClaws batting - Pitching for Hartford Yard Goats : LHP John Mandarino
|
|
Batting: SHB Brett St. Clair
|
0-0: Ball 1-0: Called Strike 1-1: Swinging Strike 1-2: Foul Ball, location: 2F 1-2: Strikes out looking
|
|
Batting: RHB Carlos Morejon
|
0-0: Ball 1-0: Ball 2-0: Swinging Strike 2-1: Called Strike 2-2: Foul Ball, location: 2F 2-2: Foul Ball, location: 2F 2-2: Foul Ball, location: 2F 2-2: Foul Ball, location: 2F 2-2: Fly out, F9 (Flyball, 9D, EV 103.1 MPH)
|
|
Batting: SHB Marco de Leon
|
0-0: Ball 1-0: Called Strike 1-1: Foul Ball, location: 2F 1-2: Ball 2-2: Ball 3-2: Foul Ball, location: 2F 3-2: Fly out, F7 (Line Drive, 78M, EV 96.9 MPH)
|
| Top of the 2nd over - 0 runs, 0 hits, 0 errors, 0 left on base; Lakewood 0 - Hartford 0 |
| BOTTOM OF THE 2ND |
|
Hartford Yard Goats batting - Pitching for Lakewood BlueClaws : RHP Joe Morse
|
|
Batting: SHB Morgan Batson
|
0-0: Ball 1-0: Ball 2-0: Called Strike 2-1: Foul Ball, location: 2F 2-2: Fly out, F7 (Flyball, 7S, EV 83.1 MPH)
|
|
Batting: RHB Mike Manchester
|
0-0: SINGLE (Groundball, 56D, EV 101.2 MPH)
|
|
Batting: LHB Eddie Gonzalez
|
Pickoff Play to 1st, Runner tries for 2nd, OUT after rundown. 0-0: Foul Ball, location: 2F 0-1: Swinging Strike 0-2: Foul Ball, location: 2F 0-2: Strikes out looking
|
| Bottom of the 2nd over - 0 runs, 1 hit, 0 errors, 0 left on base; Lakewood 0 - Hartford 0 |
| TOP OF THE 3RD |
|
Lakewood BlueClaws batting - Pitching for Hartford Yard Goats : LHP John Mandarino
|
|
Batting: RHB Pablo Lopez
|
0-0: Called Strike 0-1: Ball 1-1: Fly out, F5 (Line Drive, 5, EV 73.8 MPH)
|
|
Batting: LHB Alex Fernandez
|
0-0: Ball 1-0: Ball 2-0: Fly out, F8 (Flyball, 8RD, EV 88.8 MPH)
|
|
Batting: RHB Vaclav Been
|
0-0: Ball 1-0: DOUBLE (Line Drive, 89XD, EV 113.8 MPH)
|
|
Batting: RHB Joe Hewitt
|
0-0: Ball 1-0: Ball 2-0: Swinging Strike 2-1: Called Strike 2-2: Foul Ball, location: 2F 2-2: Strikes out swinging
|
| Top of the 3rd over - 0 runs, 1 hit, 0 errors, 1 left on base; Lakewood 0 - Hartford 0 |
| BOTTOM OF THE 3RD |
|
Hartford Yard Goats batting - Pitching for Lakewood BlueClaws : RHP Joe Morse
|
|
Batting: LHB Eric Zacher
|
0-0: Called Strike 0-1: SINGLE (Flyball, 34D, EV 88.1 MPH)
|
|
Batting: RHB Kevin McKasson
|
0-0: Ball Eric Zacher steals 2nd, throwing error, E2 Eric Zacher to third 1-0: SINGLE (Groundball, 4MD, EV 108.1 MPH) Eric Zacher scores
|
|
Batting: RHB Elias Urbina
|
0-0: Called Strike 0-1: Ball 1-1: Called Strike 1-2: Foul Ball, location: 2F 1-2: Ball 2-2: Foul Ball, location: 2F 2-2: Ball 3-2: Base on Balls Kevin McKasson to second
|
|
Batting: LHB Roy Riess
|
0-0: Hit by Pitch Kevin McKasson to third Elias Urbina to second
|
|
Batting: LHB Chris Salim
|
0-0: Ball 1-0: Ball 2-0: Ball 3-0: Called Strike 3-1: Base on Balls Kevin McKasson scores Elias Urbina to third Roy Riess to second
|
|
Batting: RHB Henry Alvizo
|
0-0: Ball 1-0: Foul Ball, location: 2F 1-1: DOUBLE (Flyball, 89XD, EV 108.1 MPH) Elias Urbina scores Roy Riess scores Chris Salim to third
|
|
Batting: SHB Morgan Batson
|
0-0: Called Strike 0-1: Foul Ball, location: 2F 0-2: Ball 1-2: 3-RUN HOME RUN (Line Drive, 9D, EV 97.5 MPH), Distance : 392 ft
|
|
Pitching: RHP Francisco Tejada
|
|
|
Batting: RHB Mike Manchester
|
0-0: Ball 1-0: Ball 2-0: Called Strike 2-1: Ball 3-1: Ground out U3 (Groundball, 3, EV 86.2 MPH)
|
|
Batting: LHB Eddie Gonzalez
|
0-0: Ball 1-0: Called Strike 1-1: TRIPLE (Flyball, 89XD, EV 104.4 MPH)
|
|
Batting: LHB Eric Zacher
|
0-0: Swinging Strike 0-1: Ball 1-1: Fly out, F4 (Line Drive, 4M, EV 65.6 MPH)
|
|
Batting: RHB Kevin McKasson
|
0-0: Ball 1-0: Foul Ball, location: 2F 1-1: Foul Ball, location: 2F 1-2: Fly out, F8 (Flyball, 8RS, EV 87.5 MPH)
|
| Bottom of the 3rd over - 7 runs, 5 hits, 1 error, 1 left on base; Lakewood 0 - Hartford 7 |
| TOP OF THE 4TH |
|
Lakewood BlueClaws batting - Pitching for Hartford Yard Goats : LHP John Mandarino
|
|
Batting: RHB Mark Schultz
|
0-0: Ball 1-0: Ball 2-0: Swinging Strike 2-1: Swinging Strike 2-2: Foul Ball, location: 2F 2-2: Foul Ball, location: 2F 2-2: Strikes out swinging
|
|
Batting: RHB Victor Arroyo
|
0-0: Foul Ball, location: 2F 0-1: Ball 1-1: Swinging Strike 1-2: Strikes out swinging
|
|
Batting: SHB Brett St. Clair
|
0-0: Fly out, F7 (Line Drive, 78S, EV 96.9 MPH)
|
| Top of the 4th over - 0 runs, 0 hits, 0 errors, 0 left on base; Lakewood 0 - Hartford 7 |
| BOTTOM OF THE 4TH |
|
Hartford Yard Goats batting - Pitching for Lakewood BlueClaws : RHP Francisco Tejada
|
|
Batting: RHB Elias Urbina
|
0-0: Ball 1-0: Foul Ball, location: 2F 1-1: Ball 2-1: Called Strike 2-2: Ball 3-2: Base on Balls
|
|
Batting: LHB Roy Riess
|
0-0: Called Strike 0-1: Ball 1-1: Foul Ball, location: 2F 1-2: Fielders Choice at 2nd, 3-6 (Groundball, 34, EV 83.1 MPH)
|
|
Batting: LHB Chris Salim
|
0-0: Foul Ball, location: 2F 0-1: Ball 1-1: SINGLE (Flyball, 9S, EV 96.2 MPH) Roy Riess to second
|
|
Batting: RHB Henry Alvizo
|
0-0: Ball 1-0: Foul Ball, location: 2F 1-1: Reached on error, E2 (Groundball, 2L, EV 68.8 MPH) Roy Riess to third Chris Salim to second
|
|
Batting: SHB Morgan Batson
|
0-0: Foul Ball, location: 2F 0-1: Ball 1-1: SINGLE (Line Drive, 6D, EV 110.6 MPH) Roy Riess scores Chris Salim to third Henry Alvizo to second
|
|
Batting: RHB Mike Manchester
|
0-0: Called Strike 0-1: Foul Ball, location: 2F 0-2: Ball 1-2: Strikes out swinging
|
|
Batting: LHB Eddie Gonzalez
|
0-0: Ball 1-0: Ball 2-0: Foul Ball, location: 2F 2-1: Ground out 5-3 (Groundball, 5S, EV 73.8 MPH)
|
| Bottom of the 4th over - 1 run, 2 hits, 1 error, 3 left on base; Lakewood 0 - Hartford 8 |
| TOP OF THE 5TH |
|
Lakewood BlueClaws batting - Pitching for Hartford Yard Goats : LHP John Mandarino
|
|
Batting: RHB Carlos Morejon
|
0-0: Foul Ball, location: 2F 0-1: Ball 1-1: Foul Ball, location: 2F 1-2: Strikes out looking
|
|
Batting: SHB Marco de Leon
|
0-0: Ball 1-0: Ball 2-0: Ball 3-0: Base on Balls
|
|
Batting: RHB Pablo Lopez
|
0-0: Foul Ball, location: 2F 0-1: Foul Ball, location: 2F 0-2: Foul Ball, location: 2F 0-2: Strikes out swinging
|
|
Batting: LHB Alex Fernandez
|
0-0: Called Strike 0-1: Called Strike 0-2: Ball 1-2: Foul Ball, location: 2F 1-2: Foul Ball, location: 2F 1-2: Ground out 6-3 (Groundball, 6MS, EV 60.6 MPH)
|
| Top of the 5th over - 0 runs, 0 hits, 0 errors, 1 left on base; Lakewood 0 - Hartford 8 |
| BOTTOM OF THE 5TH |
|
Hartford Yard Goats batting - Pitching for Lakewood BlueClaws : RHP Francisco Tejada
|
|
Batting: LHB Eric Zacher
|
0-0: Ball 1-0: Ball 2-0: Ball 3-0: Called Strike 3-1: Base on Balls
|
|
Batting: RHB Kevin McKasson
|
0-0: DOUBLE (Line Drive, 3D, EV 99.4 MPH) Eric Zacher to third
|
|
Batting: RHB Elias Urbina
|
0-0: Called Strike 0-1: Foul Ball, location: 2F 0-2: Foul Ball, location: 2F 0-2: Ball 1-2: Ground out 5-3 (Groundball, 5, EV 91.9 MPH)
|
|
Pitching: LHP Chris Burch
|
|
|
Batting: LHB Roy Riess
|
0-0: Called Strike 0-1: Foul Ball, location: 2F 0-2: Ball 1-2: Foul Ball, location: 2F 1-2: Strikes out swinging
|
|
Batting: LHB Chris Salim
|
0-0: Foul Ball, location: 2F 0-1: Ball 1-1: Swinging Strike 1-2: Ball 2-2: Strikes out swinging
|
| Bottom of the 5th over - 0 runs, 1 hit, 0 errors, 2 left on base; Lakewood 0 - Hartford 8 |
| TOP OF THE 6TH |
|
Lakewood BlueClaws batting - Pitching for Hartford Yard Goats : LHP John Mandarino
|
|
Pitching: RHP Zach Sommer
|
|
|
Batting: RHB Vaclav Been
|
0-0: Ball 1-0: Ball 2-0: Ball 3-0: Base on Balls
|
|
Batting: RHB Joe Hewitt
|
0-0: Fielders Choice at 2nd, 4-6 (Groundball, 4, EV 91.2 MPH)
|
|
Batting: RHB Mark Schultz
|
0-0: Called Strike 0-1: Called Strike 0-2: Strikes out swinging
|
|
Batting: RHB Victor Arroyo
|
0-0: Called Strike 0-1: Ground out 4-3 (Groundball, 34D, EV 88.8 MPH)
|
| Top of the 6th over - 0 runs, 0 hits, 0 errors, 1 left on base; Lakewood 0 - Hartford 8 |
| BOTTOM OF THE 6TH |
|
Hartford Yard Goats batting - Pitching for Lakewood BlueClaws : LHP Chris Burch
|
|
Batting: RHB Henry Alvizo
|
0-0: Foul Ball, location: 2F 0-1: Ball 1-1: Ball 2-1: Called Strike 2-2: Foul Ball, location: 2F 2-2: Fly out, F7 (Flyball, 7, EV 91.2 MPH)
|
|
Batting: SHB Morgan Batson
|
0-0: Ball 1-0: Called Strike 1-1: Ball 2-1: Foul Ball, location: 2F 2-2: Ball 3-2: Foul Ball, location: 2F 3-2: Strikes out swinging
|
|
Pitching: RHP John Hughes
|
|
|
Batting: RHB Mike Manchester
|
0-0: Ball 1-0: Ball 2-0: Ball 3-0: Called Strike 3-1: Called Strike 3-2: Base on Balls
|
|
Batting: LHB Eddie Gonzalez
|
0-0: Ball 1-0: Called Strike 1-1: SINGLE (Line Drive, 6MD, EV 98.8 MPH) Mike Manchester to second
|
|
Batting: LHB Eric Zacher
|
0-0: Ball 1-0: SINGLE (Groundball, 4MD, EV 103.1 MPH) Mike Manchester to third Eddie Gonzalez to second Runner from 3rd tries for Home, SAFE, throw by CF to home
|
|
Batting: RHB Kevin McKasson
|
0-0: Ball 1-0: Ball 2-0: Called Strike 2-1: Ball 3-1: Base on Balls Eddie Gonzalez to third Eric Zacher to second
|
|
Batting: RHB Elias Urbina
|
0-0: GRAND SLAM HOME RUN (Flyball, 9D, EV 95.0 MPH), Distance : 382 ft
|
|
Pitching: RHP Prabhukumar Santhanakrishnan
|
|
|
Batting: LHB Roy Riess
|
0-0: Ball 1-0: Called Strike 1-1: Ball 2-1: Ground out U3 (Groundball, 3, EV 89.4 MPH)
|
| Bottom of the 6th over - 5 runs, 3 hits, 0 errors, 0 left on base; Lakewood 0 - Hartford 13 |
| TOP OF THE 7TH |
|
Lakewood BlueClaws batting - Pitching for Hartford Yard Goats : RHP Zach Sommer
|
|
Batting: SHB Brett St. Clair
|
0-0: Swinging Strike 0-1: Ball 1-1: Foul Ball, location: 2F 1-2: Ball 2-2: Ball 3-2: Ground out 4-3 (Groundball, 34, EV 104.4 MPH)
|
|
Batting: RHB Carlos Morejon
|
0-0: Ball 1-0: Called Strike 1-1: Foul Ball, location: 2F 1-2: Strikes out swinging
|
|
Batting: SHB Marco de Leon
|
0-0: Ball 1-0: Foul Ball, location: 2F 1-1: Called Strike 1-2: Strikes out swinging
|
| Top of the 7th over - 0 runs, 0 hits, 0 errors, 0 left on base; Lakewood 0 - Hartford 13 |
| BOTTOM OF THE 7TH |
|
Hartford Yard Goats batting - Pitching for Lakewood BlueClaws : RHP Prabhukumar Santhanakrishnan
|
|
Pinch Hitting: RHB Bobby Gulsby
|
0-0: SINGLE (Groundball, 25, EV 62.5 MPH) (infield hit)
|
|
Pinch Hitting: RHB Bob Staley
|
0-0: Fly out, F9 (Flyball, 89M, EV 87.5 MPH)
|
|
Batting: SHB Morgan Batson
|
0-0: Ball 1-0: Ball 2-0: Ball 3-0: Called Strike 3-1: Base on Balls Bobby Gulsby to second
|
|
Batting: RHB Mike Manchester
|
0-0: Fly out, F9 (Flyball, 89M, EV 83.1 MPH)
|
|
Batting: LHB Eddie Gonzalez
|
0-0: Ball 1-0: Ball 2-0: Ball 3-0: Ground out 4-3 (Groundball, 4, EV 81.9 MPH)
|
| Bottom of the 7th over - 0 runs, 1 hit, 0 errors, 2 left on base; Lakewood 0 - Hartford 13 |
| TOP OF THE 8TH |
|
Lakewood BlueClaws batting - Pitching for Hartford Yard Goats : RHP Zach Sommer
|
|
Now at 2B: Eric Zacher
|
|
|
Now at 3B: Bob Staley
|
|
|
Now at SS: Mike Manchester
|
|
|
Now in RF: Bobby Gulsby
|
|
|
Batting: RHB Pablo Lopez
|
0-0: Called Strike 0-1: Ball 1-1: Swinging Strike 1-2: Foul Ball, location: 2F 1-2: Foul Ball, location: 2F 1-2: Ground out 6-3 (Groundball, 6, EV 85.0 MPH)
|
|
Pitching: LHP Steve Lima
|
|
|
Batting: LHB Alex Fernandez
|
0-0: Called Strike 0-1: Called Strike 0-2: Ball 1-2: Foul Ball, location: 2F 1-2: Ball 2-2: Foul Ball, location: 2F 2-2: Fly out, F4 (Line Drive, 4, EV 62.5 MPH)
|
|
Batting: RHB Vaclav Been
|
0-0: Swinging Strike 0-1: Ball 1-1: Ball 2-1: Called Strike 2-2: Strikes out looking
|
| Top of the 8th over - 0 runs, 0 hits, 0 errors, 0 left on base; Lakewood 0 - Hartford 13 |
| BOTTOM OF THE 8TH |
|
Hartford Yard Goats batting - Pitching for Lakewood BlueClaws : RHP Prabhukumar Santhanakrishnan
|
|
Batting: LHB Eric Zacher
|
0-0: Ball 1-0: Ball 2-0: Ball 3-0: Called Strike 3-1: Fly out, F9 (Flyball, 89S, EV 86.9 MPH)
|
|
Batting: RHB Kevin McKasson
|
0-0: Ground out 4-3 (Groundball, 4, EV 83.8 MPH)
|
|
Batting: RHB Elias Urbina
|
0-0: Called Strike 0-1: Called Strike 0-2: Strikes out swinging
|
| Bottom of the 8th over - 0 runs, 0 hits, 0 errors, 0 left on base; Lakewood 0 - Hartford 13 |
| TOP OF THE 9TH |
|
Lakewood BlueClaws batting - Pitching for Hartford Yard Goats : LHP Steve Lima
|
|
Batting: RHB Joe Hewitt
|
0-0: Ball 1-0: Ball 2-0: SINGLE (Groundball, 4D, EV 105.0 MPH)
|
|
Batting: RHB Mark Schultz
|
0-0: Ball 1-0: Swinging Strike 1-1: Foul Ball, location: 2F 1-2: Foul Ball, location: 2F 1-2: Ball 2-2: Strikes out looking
|
|
Pitching: LHP Ryan Morlan
|
|
|
Pinch Hitting: RHB Frank Shelton
|
0-0: Ball 1-0: SINGLE (Flyball, 89S, EV 88.8 MPH) Joe Hewitt to second
|
|
Batting: SHB Brett St. Clair
|
0-0: Called Strike 0-1: Ball 1-1: Called Strike 1-2: Foul Ball, location: 2F 1-2: Strikes out swinging
|
|
Batting: RHB Carlos Morejon
|
0-0: Called Strike 0-1: Fly out, F9 (Flyball, 89M, EV 75.6 MPH)
|
| Top of the 9th over - 0 runs, 2 hits, 0 errors, 2 left on base; Lakewood 0 - Hartford 13 |
|